Map: Galactic Process LE

Players

Nrabbit - Winner!

  • Race: Zerg Zerg
  • League: Diamond

Gokhan

  • Race: Protoss Protoss
  • League: Diamond

VOD

Have the link to the VOD?

Description

Time

  • Played on: July 24, 2016, 11:30 p.m.
  • Length: 12:33
Show
View Real Time Build Order
Export as new Build Order

Nrabbit Zerg - Winner!

Build Orders: Hatch First 

Get SALT Encoding   

  12  0:01  Drone  
  13  0:12  Overlord  
  13  0:17  Drone  
  14  0:31  Drone x2  
  14  0:34  Drone  
  17  0:53  Hatchery  
  17  0:56  Drone  
  17  0:59  Drone  
  18  1:12  Extractor  
  18  1:15  Spawning Pool  
  18  1:18  Drone  
  17  1:20  Drone  
  18  1:29  Drone  
  19  1:38  Overlord  
  19  2:02  Zergling x4  
  19  2:04  Queen  
  19  2:05  Queen  
  19  2:06  Drone  
  26  2:12  Metabolic Boost  
  26  2:14  Drone  
  27  2:25  Drone x2  
  29  2:30  Drone  
  30  2:46  Hatchery  
  30  2:48  Overlord  
  30  2:51  Drone x3  
  32  3:03  Drone  
  32  3:04  Drone  
  34  3:22  Roach Warren  
  34  3:23  Drone, Overlord  
  34  3:24  Drone x6  
  40  3:33  Overlord  
  40  3:35  Overlord  
  40  3:40  Extractor  
  39  3:42  Extractor  
  38  3:50  Zergling x4  
  38  3:51  Zergling x4  
  38  3:52  Drone x2  
  38  3:53  Drone  
  38  3:54  Drone x2  
  47  3:57  Queen  
  47  4:00  Queen  
  51  4:07  Drone  
  51  4:14  Roach  
  53  4:17  Drone x3  
  53  4:18  Zergling x4  
  53  4:22  Queen  
  60  4:34  Drone x2  
  60  4:35  Drone  
  63  4:47  Roach  
  63  4:48  Roach x5, Zergling x2  
  63  4:49  Zergling x2  
  70  5:04  Zergling x2  
  70  5:05  Zergling x10  
  72  5:11  Zergling x2  
  67  5:14  Queen  
  67  5:16  Roach x2  
  71  5:24  Zergling x4  
  72  5:37  Drone  
  72  5:39  Overlord x2  
  72  5:42  Lair  
  71  5:46  Evolution Chamber  
  71  5:47  Evolution Chamber  
  63  6:05  Drone  
  63  6:06  Drone x2  
  63  6:07  Drone  
  63  6:08  Drone  
  63  6:09  Drone x9  
  63  6:10  Spore Crawler  
  76  6:12  Spore Crawler, Drone  
  76  6:14  Drone  
  76  6:15  Spore Crawler  
  76  6:17  Zerg Missile Weapons Level 1  
  76  6:19  Extractor, Drone x3  
  76  6:20  Drone  
  79  6:47  Glial Reconstitution  
  79  6:49  Overlord x3  
  79  6:50  Roach x5  
  79  6:52  Overlord  
  79  6:53  Overlord x3  
  89  7:10  Roach  
  89  7:11  Roach x9  
  89  7:12  Roach  
  111  7:21  Hatchery  
  110  7:25  Roach x6  
  122  7:33  Ravager  
  122  7:34  Ravager  
  122  7:36  Ravager x3  
  122  7:37  Ravager x2  
  129  7:56  Extractor  
  120  8:20  Hatchery  
  120  8:24  Roach x10  
  120  8:26  Overlord x4  
  139  8:31  Spire  
  139  8:33  Hydralisk Den  
  138  8:35  Queen  
  127  9:01  Roach  
  127  9:02  Roach x10  
  131  9:10  Muscular Augments  
  131  9:13  Drone  
  131  9:14  Drone x2  
  108  9:38  Hydralisk  
  108  9:39  Hydralisk x7  
  108  9:44  Drone x7  
  108  9:45  Drone  
  126  9:50  Extractor x2  
  113  9:53  Hydralisk x2  
  113  9:54  Hydralisk  
  115  10:15  Hatchery  
  115  10:16  Hydralisk x6  
  116  10:30  Hydralisk  
  116  10:31  Hydralisk x6  
  124  10:42  Hydralisk, Roach  
  126  10:43  Roach x2, Zergling x2  
  126  10:44  Zergling x10  
  134  10:54  Drone x3  
  134  10:55  Drone x3  
  140  11:01  Overseer  
  140  11:02  Pneumatized Carapace  
  140  11:08  Extractor, Drone x6  
  140  11:09  Extractor, Drone x4  
  148  11:30  Hydralisk x3  
  148  11:31  Hydralisk x3, Roach x5  
  144  11:57  Hydralisk x6  
  144  11:58  Hydralisk x3  
Show
View Real Time Build Order
Export as new Build Order

Gokhan Protoss 

Build Orders: 1 Gate Expand 

Get SALT Encoding   

  12  0:02  Probe (Chrono Boost)  
  13  0:12  Probe (Chrono Boost)  
  14  0:21  Pylon  
  14  0:23  Probe (Chrono Boost)  
  15  0:40  Probe (Chrono Boost)  
  15  0:41  Gateway  
  16  0:50  Probe (Chrono Boost)  
  17  1:01  Probe (Chrono Boost)  
  18  1:13  Nexus  
  18  1:19  Assimilator  
  18  1:30  Cybernetics Core  
  18  1:31  Probe (Chrono Boost)  
  19  1:43  Pylon  
  19  1:44  Probe (Chrono Boost)  
  20  1:48  Assimilator  
  20  1:54  Probe (Chrono Boost)  
  21  2:03  Warp Gate, Gateway  
  21  2:06  Probe (Chrono Boost)  
  22  2:16  Adept  
  22  2:21  Probe (Chrono Boost)  
  26  2:30  Probe (Chrono Boost)  
  26  2:32  Probe (Chrono Boost)  
  26  2:42  Probe (Chrono Boost)  
  26  2:44  Sentry  
  29  2:52  Zealot, Probe (Chrono Boost)  
  29  2:56  Mothership Core (Chrono Boost)  
  34  3:01  Pylon  
  34  3:03  Probe (Chrono Boost)  
  35  3:15  Probe (Chrono Boost)  
  35  3:19  Probe (Chrono Boost)  
  37  3:24  Zealot, Sentry  
  37  3:25  Probe (Chrono Boost)  
  42  3:30  Gateway  
  42  3:33  Probe (Chrono Boost)  
  43  3:35  Gateway  
  43  3:45  Gateway  
  43  3:47  Probe (Chrono Boost)  
  44  3:54  Probe (Chrono Boost)  
  45  4:00  Pylon  
  45  4:02  Probe (Chrono Boost)  
  46  4:07  Gateway  
  46  4:13  Probe (Chrono Boost)  
  47  4:20  Zealot  
  47  4:23  Probe (Chrono Boost)  
  49  4:32  Zealot x2  
  49  4:34  Probe (Chrono Boost), Sentry  
  56  4:41  Sentry  
  56  4:44  Probe (Chrono Boost)  
  59  4:51  Zealot  
  57  4:54  Zealot, Adept  
  57  4:55  Probe (Chrono Boost)  
  60  5:02  Zealot  
  62  5:12  Stalker x2  
  62  5:17  Robotics Facility, Assimilator  
  62  5:18  Probe x2 (Chrono Boost)  
  62  5:20  Pylon  
  48  5:31  Nexus  
  48  5:33  Mothership Core (Chrono Boost)  
  46  5:35  Sentry x2, Assimilator  
  46  5:42  Pylon  
  50  5:45  Stalker x2  
  54  5:51  Probe (Chrono Boost)  
  53  6:00  Zealot  
  53  6:01  Zealot, Immortal  
  59  6:09  Probe (Chrono Boost)  
  60  6:12  Pylon  
  60  6:16  Sentry  
  60  6:18  Probe (Chrono Boost)  
  63  6:19  Forge  
  63  6:20  Probe (Chrono Boost)  
  63  6:23  Forge  
  64  6:31  Probe (Chrono Boost)  
  65  6:35  Stalker x2  
  65  6:37  Observer  
  69  6:43  Probe (Chrono Boost)  
  69  6:44  Probe (Chrono Boost)  
  69  6:46  Stalker  
  74  6:53  Probe (Chrono Boost)  
  75  6:56  Stargate  
  75  6:58  Protoss Ground Weapons Level 1, Pylon  
  75  7:02  Photon Cannon  
  75  7:04  Probe (Chrono Boost)  
  75  7:06  Probe (Chrono Boost)  
  77  7:09  Protoss Ground Armor Level 1  
  77  7:15  Zealot  
  80  7:16  Probe (Chrono Boost)  
  80  7:27  Probe (Chrono Boost), Assimilator  
  81  7:30  Stargate  
  81  7:31  Probe (Chrono Boost)  
  81  7:32  Pylon  
  81  7:35  Probe (Chrono Boost)  
  83  7:38  Probe (Chrono Boost)  
  83  7:42  Probe (Chrono Boost), Stalker x2  
  89  7:44  Zealot  
  89  7:47  Probe (Chrono Boost)  
  89  7:48  Stalker  
  94  7:57  Sentry  
  85  8:14  Immortal, Assimilator  
  85  8:15  Photon Cannon, Void Ray  
  85  8:18  Void Ray  
  97  8:27  Twilight Council  
  97  8:31  Gateway, Pylon  
  97  8:32  Gateway  
  97  8:34  Zealot x2  
  97  8:36  Zealot  
  89  8:49  Zealot x3  
  87  8:56  Zealot x2  
  74  9:04  Zealot x2  
  74  9:10  Stalker x3  
  73  9:17  Immortal  
  73  9:37  Zealot  
  73  9:38  Zealot, Nexus  
  77  9:40  Pylon  
  75  9:49  Phoenix  
  71  9:52  Phoenix  
  75  10:00  Photon Cannon  
  75  10:01  Gateway  
  75  10:08  Immortal  
  79  10:22  Stalker x2  
  82  10:32  Stalker  
  76  10:41  Zealot x2  
  70  10:48  Zealot x2  
  70  10:49  Zealot x2  
  74  10:56  Pylon  
  74  11:01  Mothership Core (Chrono Boost)  
  76  11:08  Nexus  
  76  11:17  Probe (Chrono Boost)  
  71  11:27  Zealot x3  
  71  11:28  Zealot x2  
  71  11:31  Sentry  
  71  11:32  Sentry  
  64  11:43  Zealot  
Tags
 
Add a new tag
Caveats
  • Supply blocks, unpowered buildings, or Contaminate may cause inaccurate times.
  • Supply counts are checked every 10 seconds.